 Dungeon Crawl Stone Soup version 0.31-a0-43-g46d131a48f (console) character file.

Game seed: 8959681289925615731

1248 petzl the Magician (level 8, -1/58 HPs)
             Began as a Formicid Delver on May 18, 2023.
             Was a Priest of Vehumet.
             Slain by Edmund
             ... wielding a +4 dire flail of protection
              (10 damage)
             ... on level 5 of the Dungeon.
             The game lasted 00:33:06 (6430 turns).

petzl the Magician (Formicid Delver)                Turns: 6430, Time: 00:33:07

Health: -1/58      AC:  8    Str: 16    XL:     8   Next: 79%
Magic:  9/17       EV: 11    Int:  9    God:    Vehumet [***...]
Gold:   339        SH:  6    Dex: 20    Spells: 11/19 levels left

rFire   . . .        F - +0 dagger (venom) {!f =f}
rCold   . . .        m - +0 buckler
rNeg    . . .        v - +0 leather armour
rPois   .            (helmet unavailable)
rElec   +            (no cloak)
rCorr   .            p - +0 pair of gloves of Classification {rElec Int-4 Dex+5 Stlth+}
SInv    +            (no boots)
Will    .....        o - amulet of magic regeneration
Stlth   ++++         t - +4 ring of protection
HPRegen 0.29/turn    (no ring)
MPRegen 0.55/turn

%: no passive effects
@: no status effects
A: permanent stasis, dig shafts and tunnels, antennae 3, four strong arms
a: Dig, Shaft Self, Renounce Religion


You were on level 5 of the Dungeon.
You worshipped Vehumet.
Vehumet was most pleased with you.
You visited 2 branches of the dungeon, and saw 12 of its levels.

You collected 339 gold pieces.

Inventory:

Hand Weapons
 a - a +5 shortbow
 b - a +1 hand axe of flaming {!f =f}
 y - a +1 dagger of draining {!f =f}
 A - a +1 short sword of holy wrath
 C - a +0 flail of holy wrath
 F - a +0 dagger of venom (weapon) {!f =f}
 G - a +0 sling
Missiles
 B - a throwing net
Armour
 j - a +2 pair of gloves
 m - a +0 buckler (worn)
 p - the +0 pair of gloves of Classification (worn) {rElec Int-4 Dex+5 Stlth+}
   (You found it on level 4 of the Dungeon)

   Int:       It affects your intelligence (-4).
   Dex:       It affects your dexterity (+5).
   rElec:     It insulates you from electricity.
   Stlth:     It makes you more stealthy.
 v - a +0 leather armour (worn)
 E - the scarf of the Earth {+Inv, Contam rC+ Str+2}
   (You found it on level 4 of the Dungeon)

   Str:       It affects your strength (+2).
   rC:        It protects you from cold.
   Contam:    It causes magical contamination when unequipped.
Jewellery
 o - an amulet of magic regeneration (around neck)
 t - a +4 ring of protection (left hand)
Wands
 f - a wand of digging (1)
 l - a wand of mindburst (9)
 I - a wand of quicksilver (6)
Scrolls
 c - 2 scrolls of fog
 d - 2 scrolls of magic mapping
 e - 3 scrolls of butterflies
 i - 2 scrolls of amnesia
 k - 2 scrolls of enchant armour
 n - 2 scrolls of enchant weapon
 r - a scroll of silence
 H - a scroll of teleportation {unknown}
Potions
 g - a potion of lignification {unknown}
 h - a potion of might {unknown}
 q - a potion of flight {unknown}
 s - a potion of degeneration {unknown}
 u - a potion of experience {unknown}
 x - a potion of ambrosia {unknown}
 z - a potion of cancellation {unknown}
 D - 3 potions of attraction
 J - a potion of mutation {unknown}


   Skills:
 - Level 3.2 Fighting
 - Level 2.0 Maces & Flails
 + Level 2.8 Ranged Weapons
 - Level 1.7 Dodging
 - Level 6.0 Stealth
 - Level 3.6 Shields
 + Level 6.3 Spellcasting
 * Level 3.7 Conjurations
 * Level 3.7 Translocations


You had 11 spell levels left.
You knew the following spells:

 Your Spells              Type           Power      Damage    Failure   Level
a - Iskenderun's Mystic   Conj/Tloc      9%         2d4       19%         4
b - Sublimation of Blood  Necr           2%         N/A       45%         2
c - Scorch                Fire           4%         2d5       13%         2

Your spell library contained the following spells:

 Spells                   Type           Power      Damage    Failure   Level
 Hailstorm                Conj/Ice       6%         3d4       13%         3
 Dazzling Flash           Conj/Hex       12%        N/A       13%         3
 Volatile Blastmotes      Fire/Tloc      12%        2d11      13%         3
 Cigotuvi's Dreadful Rot  Necr/Pois/Air  4%         N/A       45%         2
 Wereblood                Tmut           2%         N/A       45%         2
 Dispel Undead            Necr           2%         3d7       98%         4
 Starburst                Conj/Fire      3%         6d3       99%         6
 Death Channel            Necr           1%         N/A       100%        6
 Summon Hydra             Summ           1%         N/A       100%        7


Dungeon Overview and Level Annotations

Branches:
Dungeon (11/15)            Temple (1/1) D:7             Orc (0/2) D:9
   Lair: D:8-11

Altars:
Ashenzari
Cheibriados
Dithmenos
Elyvilon
Fedhas
Gozag
Hepliaklqana
Makhleb
Nemelex Xobeh
Qazlal
Ru
Sif Muna
Uskayaw
Vehumet
Wu Jian
Xom
Yredelemnul
The Shining One

Shops:
D:5 (   D:9 [

Portals:
Bailey: D:9

Annotations:
D:2 Sigmund
D:3 Terence
D:4 exclusions: downstairs and hobgoblin, Blork the orc
D:5 Edmund, Menkaure
D:6 exclusion: downstairs
D:8 exclusions: sky beast and yak
D:9 exclusion: downstairs, Pikel
D:10 exclusion: two-headed ogre


Innate Abilities, Weirdness & Mutations

You cannot be hasted, slowed, berserked, paralysed or teleported.
You can dig through walls and to a lower floor.
You have a pair of large antennae on your head. (SInv)
Your four strong arms can wield two-handed weapons with a shield.


Message History

You miscast Iskenderun's Mystic Blast.
Nothing appears to happen.
Edmund hits you but does no damage.
Your +0 dagger of venom {!f =f} begins to drip with poison!
F - a +0 dagger of venom (weapon)
{!f =f} You hit Edmund but do no damage.
Edmund is moderately wounded.
You block Edmund's attack.
You hit Edmund but do no damage.
Edmund is poisoned.
Edmund is moderately wounded.
You block Edmund's attack.
You hit Edmund but do no damage.
Edmund is moderately wounded.
Edmund closely misses you.
You hit Edmund but do no damage.
Edmund looks as sick as possible!
Edmund is heavily wounded.
Edmund barely misses you. Edmund attacks as you move away!
Edmund hits you with a +4 dire flail of protection!
Edmund clears his throat.
There is a stone staircase leading up here.
You hit Edmund but do no damage.
Edmund looks as sick as possible!
Edmund is severely wounded.
Edmund hits you with a +4 dire flail of protection!
Edmund attacks as you move away! Edmund hits you but does no damage.
Edmund attacks as you move away!
Edmund hits you with a +4 dire flail of protection!
* * * LOW HITPOINT WARNING * * *
You feel better. You block Edmund's attack. Edmund attacks as you move away!
Edmund hits you with a +4 dire flail of protection!
* * * LOW HITPOINT WARNING * * *
Your magical contamination has completely faded away.
Okay, then.
You feel better. You block Edmund's attack.
You completely miss Edmund.
Edmund is almost dead.
Edmund hits you with a +4 dire flail of protection!
* * * LOW HITPOINT WARNING * * *
Edmund hits you with a +4 dire flail of protection!
You die...

####### #....[# #.....#
#.....## #......### ###
#........# ####
..#####.>...##.# #..#
.....####.####.###
####..# >.##.# #.#
#...###....## #..#.#
#.## ###.##.<##.#
.....####..##
#....###.#
............####.@###
#.#
.)...#.##...##...@##
#.#
)....#..###....##..#
..#
.....##.###..#####)#
#.## .....##..#...# #.#
.. ...........#..
#..... ....##....# ...
##.....
..........#####.....#..
............###........
................###..
..
.........#.....?......
.. .......@....>##.#
....#....###.##.## #
...##....# #.....# !#
..###....# ##{...# #.#
#.# #....# #...$##..#
#. ..#### #....#<.# #.#
#......## #.. #.....##
#..[..#


You could see Edmund (very poisoned).

Vanquished Creatures
  A black bear (D:4)
  An ice beast (D:5)
  An ogre (D:5)
  A centaur (D:5)
  A phantom (D:6)
  A bullfrog (D:9)
  A scorpion (D:5)
  6 hounds
  A gnoll bouda (D:4)
  2 orc priests (D:7)
  4 orc wizards
  Ijyb (D:2)
  11 gnolls
  6 adders
  A white imp (D:5)
  An ufetubus (D:4)
  2 worms
  2 dart slugs (D:2)
  24 orcs
  11 endoplasms
  3 giant cockroaches
  13 goblins
  14 hobgoblins
  7 kobolds
  6 quokkas
  6 ball pythons
  2 frilled lizards (D:2)
  5 rats
135 creatures vanquished.

Notes
Turn   | Place    | Note
-------+----------+-------------------------------------------
     0 | D:5      | petzl the Formicid Delver began the quest for the Orb.
     0 | D:5      | Reached XP level 1. HP: 18/18 MP: 1/1
     9 | D:5      | Noticed Menkaure
    19 | D:6      | Noticed a phantom
    30 | D:5      | Noticed a hound
    62 | D:5      | You fall into a shaft and drop 3 floors!
   106 | D:8      | Noticed a sky beast
   156 | D:8      | Noticed a bullfrog
   164 | D:8      | You fall into a shaft and drop 2 floors!
   164 | D:10     | Entered Level 10 of the Dungeon
   267 | D:9      | Noticed a lemure
   267 | D:9      | Found a flagged portal.
   268 | D:9      | Noticed Pikel
   268 | D:9      | Noticed a lemure
   268 | D:9      | Noticed a lemure
   268 | D:9      | Noticed a lemure
   271 | D:9      | Noticed a wyvern zombie
   273 | D:9      | You fall into a shaft and drop 2 floors!
   425 | D:10     | Noticed a two-headed ogre
   477 | D:10     | Noticed a gnoll bouda
   478 | D:10     | Noticed a troll
   543 | D:9      | Noticed an orc warrior
   543 | D:9      | Noticed an orc wizard
   543 | D:9      | Noticed a bullfrog
   543 | D:9      | Found a staircase to the Orcish Mines.
   545 | D:9      | Found Vontarur's Armour Emporium.
   549 | D:9      | Killed a bullfrog
   550 | D:9      | Reached XP level 2. HP: 23/24 MP: 1/6
   550 | D:9      | Reached XP level 3. HP: 27/29 MP: 1/8
   550 | D:9      | Reached XP level 4. HP: 33/35 MP: 1/9
   552 | D:9      | Noticed a wight
   555 | D:9      | Noticed a wight
   556 | D:9      | Noticed a wight
   562 | D:8      | Noticed a two-headed ogre
   562 | D:8      | Noticed a wight
   562 | D:8      | Noticed a wight
   562 | D:8      | Noticed a wight
   562 | D:8      | Noticed a wight
   562 | D:8      | Noticed a black bear
   566 | D:8      | You fall into a shaft and drop 1 floor!
   691 | D:8      | Noticed a yak
   790 | D:7      | Found a staircase to the Ecumenical Temple.
   803 | D:7      | Reached XP level 5. HP: 7/40 MP: 9/11
   948 | Temple   | Entered the Ecumenical Temple
  1054 | Temple   | Became a worshipper of Vehumet
  1525 | D:2      | Reached skill level 5 in Spellcasting
  1628 | D:2      | Reached skill level 1 in Shields
  1718 | D:2      | Reached * piety under Vehumet
  1718 | D:2      | Offered knowledge of Foxfire by Vehumet.
  1746 | D:2      | Noticed Ijyb
  1759 | D:2      | Reached XP level 6. HP: 47/47 MP: 13/13
  1804 | D:2      | Killed Ijyb
  2045 | D:2      | Noticed Sigmund
  3323 | D:2      | Identified the +0 scale mail "Ibaef" {rF- rC- Str+3 Dex+6}
  3413 | D:2      | Offered knowledge of Static Discharge by Vehumet.
  3445 | D:2      | Reached ** piety under Vehumet
  3931 | D:3      | Noticed Terence
  4042 | D:3      | Learned a level 4 spell: Iskenderun's Mystic Blast
  4045 | D:3      | Learned a level 2 spell: Sublimation of Blood
  4175 | D:4      | Reached XP level 7. HP: 46/52 MP: 15/15
  4217 | D:4      | Reached skill level 1 in Translocations
  4260 | D:4      | Reached skill level 1 in Conjurations
  4306 | D:4      | Reached skill level 1 in Ranged Weapons
  4487 | D:4      | Identified the scarf of the Earth {+Inv, Contam rC+ Str+2}
  4568 | D:4      | Noticed Blork the orc
  4830 | D:4      | Offered knowledge of Scorch by Vehumet.
  4834 | D:4      | Learned a level 2 spell: Scorch
  4872 | D:4      | Identified the +0 pair of gloves of Classification {rElec
                  | Int-4 Dex+5 Stlth+}
  5417 | D:5      | Reached *** piety under Vehumet
  5427 | D:5      | You fall into a shaft and drop 2 floors!
  5598 | D:6      | Reached XP level 8. HP: 58/58 MP: 16/16
  5749 | D:5      | Found Syup's Weapon Boutique.
  5814 | D:5      | Offered knowledge of Hailstorm by Vehumet.
  6072 | D:5      | Noticed Edmund
  6084 | D:5      | You fall into a shaft and drop 1 floor!
  6430 | D:5      | Slain by Edmund

Illustrated notes

Levels and vault maps discovered:
D:1:      lemuel_arrival_funnel, layout_loops_corners
D:2:      kennysheep_the_goblin_king, layout_loops_corners, serial_forest,
          infiniplex_forest_lined_3, infiniplex_forest_3_way,
          infiniplex_forest_end_1, infiniplex_forest_lined_2,
          infiniplex_forest_corner_1, infiniplex_forest_end_2,
          infiniplex_forest_straight_2, uniq_sigmund
D:3:      layout_basic, tgw_kikubaaqudgha, kennysheep_cross_room, uniq_terence
D:4:      layout_loops_ring, minmay_crossroads, uniq_blork_the_orc
D:5:      layout_rooms, serial_shops, shop, corexii_leaking_fountain,
          uniq_menkaure, uniq_ijyb, uniq_edmund, uniq_eustachio
D:6:      layout_gridville
D:7:      layout_cave_pools, minmay_temple_entry_proselytizer,
          ebering_dispersal_statue_hall, uniq_joseph
D:8:      layout_loops_ring, erik_lair_orcish_takeover, uniq_grum
D:9:      layout_loops_ring, mainiacjoe_overflow_concentric_impassable,
          david_orc_2, lightli_bailey_entry_fortress, serial_shops,
          nicolae_shop_window_shopping, serial_undead, serial_undead_d,
          serial_undead_a, serial_undead_f, serial_undead_c, serial_undead_a,
          serial_undead_f, minmay_fire_ice_demons, uniq_pikel
D:10:     minmay_recursive_quarters, layout_basic,
          mainiacjoe_overflow_surrounded_room
D:11:     old_forge, layout_layer_cave, minmay_microvault, uniq_nergalle
Temple:   nicolae_temple_bog_church

Skill      XL: |  1  2  3  4  5  6  7  8 |
---------------+-------------------------+-----
Spellcasting   | 3 4 5 6 |  6.3
Shields        | 1 3 |  3.6
Translocations | 2 3 |  3.7
Conjurations   | 2 3 |  3.7
Ranged Weapons | 1 2 |  2.8
Fighting       | |  3.2
Maces & Flails | |  2.0
Dodging        | |  1.7
Stealth        | |  6.0

Action                     |  1- 3 |  4- 6 |  7- 9 || total
---------------------------+-------+-------+-------++-------
  Melee: Mace              |     4 |   166 |       ||   170
         Hand axe          |       |    77 |   178 ||   255
         Dagger            |       |    28 |     6 ||    34
         Flail             |       |       |     3 ||     3
   Fire: Sling             |       |    29 |    67 ||    96
         Shortbow          |       |       |    21 ||    21
   Cast: Iskenderun's Myst |       |       |     3 ||     3
Ability: Shaft Self        |     3 |     1 |     2 ||     6
         Dig               |     1 |     1 |     1 ||     3
  Evoke: Wand              |     3 |     1 |     4 ||     8
    Use: Scroll            |     2 |     5 |     2 ||     9
         Potion            |       |       |     3 ||     3
   Stab: Sleeping          |       |    14 |     3 ||    17
         Distracted        |       |     1 |       ||     1
 Armour: Leather armour    |     1 |    92 |   103 ||   196
  Dodge: Dodged            |     8 |   136 |   104 ||   248
  Block: Buckler           |       |    43 |    66 ||   109

Table legend: (Time is in decaauts)
 A = Elapsed time spent in this place.
 B = Non-inter-level travel time spent in this place.
 C = Inter-level travel time spent in this place.
 D = Time resting spent in this place.
 E = Time spent auto-exploring this place.
 F = Levels seen in this place.
 G = Mean time per level.
                   A        B        C        D        E       F      G
               +--------+--------+--------+--------+--------+-----+--------+
         Total |   6580 |   6269 |    311 |   1066 |   2771 |  12 |  548.3 |
       Dungeon |   6460 |   6167 |    293 |   1024 |   2725 |  11 |  587.3 |
        Temple |    120 |    102 |     18 |     42 |     46 |   1 |  120.0 |
               +--------+--------+--------+--------+--------+-----+--------+

Top non-repeatable levels by time:
     D:4: 1607 daAuts
     D:2: 1494 daAuts
     D:1: 989 daAuts
     D:5: 691 daAuts
     D:6: 486 daAuts
     D:3: 351 daAuts
    D:10: 311 daAuts
     D:8: 167 daAuts
     D:7: 162 daAuts
     D:9: 138 daAuts
  Temple: 120 daAuts
    D:11: 60 daAuts
